 Dungeon Crawl Stone Soup version 0.21-a0-351-g38363bb (webtiles) character file.

10 Dfrag the Firebug (level 2, 5/19 HPs)
             Began as a Demonspawn Fire Elementalist on Oct 10, 2017.
             Quit the game on level 1 of the Dungeon.
             The game lasted 00:00:25 (117 turns).

Dfrag the Firebug (Demonspawn Fire Elementalist)     Turns: 117, Time: 00:00:26

Health: 5/19       AC:  2    Str:  8    XL:     2   Next: 10%
Magic:  1/5        EV: 12    Int: 16    God:
Gold:   0          SH:  0    Dex: 13    Spells: 4/5 levels left

rFire    . . .     SeeInvis .   (no weapon)
rCold    . . .     Gourm    .   (no shield)
rNeg     . . .     Faith    .   a - +0 robe
rPois    .         Spirit   .   (no helmet)
rElec    .         Reflect  .   (no cloak)
rCorr    .         Harm     .   (no gloves)
MR       .....                  (no boots)
Stlth    ++........             d - amulet of regeneration
HPRegen  0.06/turn              (no ring)
MPRegen  0.09/turn              (no ring)

@: no status effects
A: spiny 1
a: no special abilities


You were on level 1 of the Dungeon.
You were not hungry.

You visited 1 branch of the dungeon, and saw 1 of its levels.

Inventory:

Armour
 a - a +0 robe (worn)
Jewellery
 d - an amulet of regeneration (around neck)
Scrolls
 e - a scroll of teleportation {unknown}
Books
 b - a book of Flames

   Spells                             Type                      Level
   a - Flame Tongue                   Conjuration/Fire             1
   b - Throw Flame                    Conjuration/Fire             2
   c - Conjure Flame                  Conjuration/Fire             3
   d - Inner Flame                    Hexes/Fire                   3
   e - Sticky Flame                   Conjuration/Fire             4
   f - Fireball                       Conjuration/Fire             5
Comestibles
 c - a bread ration


   Skills:
 - Level 1.7 Dodging
 - Level 1.7 Stealth
 + Level 2.2 Spellcasting
 + Level 1.4 Conjurations
 + Level 2.9 Fire Magic


You had 4 spell levels left.
You knew the following spells:

 Your Spells              Type           Power        Failure   Level  Hunger
a - Flame Tongue          Conj/Fire      #....        9%          1    #......


Dungeon Overview and Level Annotations

Branches:
Dungeon (1/15)

Altars:


Innate Abilities, Weirdness & Mutations

You are partially covered in sharp spines.


Message History

You hit the ball python.
The ball python is severely wounded.
The ball python bites you but does no damage.
You hit the ball python but do no damage.
The ball python is severely wounded.
The ball python completely misses you. The ball python barely misses you.
You barely miss the ball python.
The ball python is severely wounded.
The ball python is struck by your spines.
You kill the ball python!
The goblin is struck by your spines. The goblin hits you with a dagger.
* * * LOW HITPOINT WARNING * * *
You see here a ball python corpse.
You completely miss the goblin.
The goblin is severely wounded.
The goblin is struck by your spines.
You kill the goblin!
Things that are here:
a dagger; a goblin corpse Are you sure you want to abandon this character and quit the game? (Confirm with "yes".)

####### ##### .
####.....#####.... ..
######..........##..### ...
+..................##..
....#..............).#.(..#
....................#####..
.................#### ###
#.........@)†........ ##
#........†........... ##.
#...................%# #..
#........$...........# #..
#####.$...############ ##.#
.......# #..# ....#####
#<.# .... ##.. ##.


There were no monsters in sight!

Vanquished Creatures
  A giant cockroach (D:1)
  2 goblins (D:1)
  A hobgoblin (D:1)
  A kobold (D:1)
  A ball python (D:1)
  3 bats (D:1)
9 creatures vanquished.

Notes
Turn   | Place    | Note
-------+----------+-------------------------------------------
     0 | D:1      | Dfrag the Demonspawn Fire Elementalist began the quest for the Orb.
     0 | D:1      | Reached XP level 1. HP: 13/13 MP: 3/3
   103 | D:1      | Gained mutation: You are partially covered in sharp spines. [demonic ancestry]
   103 | D:1      | Reached XP level 2. HP: 5/19 MP: 0/5
   117 | D:1      | Quit the game

Vault maps used:
D:1:      dpeg_arrival_round_b, grunt_decor_one_mirror

Action                   || total
-------------------------++-------
Melee: Unarmed           ||    16
 Cast: Flame Tongue      ||    10
Armor: Robe              ||    25
Dodge: Dodged            ||    39

Table legend:
 A = Spawn XP
 B = Non-spawn XP
 C = Spawn XP percentage of total XP
 D = Spawn monster count
 E = Non-spawn monster count
 F = Spawn count percentage of total count
 G = Total turns spent on level
                    A         B        C        D         E        F      G
               +---------+---------+-------+---------+---------+-------+---------
         Total |       0 |      15 |   0.0 |       0 |       9 |   0.0 |   117
               +---------+---------+-------+---------+---------+-------+---------
           D:1 |       0 |      15 |   0.0 |       0 |       9 |   0.0 |   117
               +---------+---------+-------+---------+---------+-------+---------
